 Dungeon Crawl Stone Soup version 0.31.0-12-g77e489cdc1 (webtiles) character file.

Game seed: 18222981626128955690

7 fettaberfit the Caller (level 2, 0/19 HPs)
             Began as a Merfolk Summoner on Feb 21, 2024.
             Slain by a quokka (2 damage)
             ... on level 1 of the Dungeon.
             The game lasted 00:01:32 (526 turns).

fettaberfit the Caller (Merfolk Summoner)            Turns: 526, Time: 00:01:33

Health: 0/19       AC:  2    Str:  8    XL:     2   Next: 0%
Magic:  3/5        EV: 12    Int: 14    God:
Gold:   13         SH:  0    Dex: 14    Spells: 4/5 levels left

rFire   . . .        d - +0 whip
rCold   . . .        (no shield)
rNeg    . . .        a - +0 robe
rPois   .            (no helmet)
rElec   .            (no cloak)
rCorr   .            (no gloves)
SInv    .            (no boots)
Will    .....        (no amulet)
Stlth   ++           (no ring)
HPRegen 0.23/turn    (no ring)
MPRegen 0.09/turn

%: no passive effects
@: no status effects
A: (nimble swimmer 2), mertail
a: no special abilities


You were on level 1 of the Dungeon.
You visited 1 branch of the dungeon, and saw 1 of its levels.

You collected 13 gold pieces.

Inventory:

Hand Weapons
 d - a +0 whip (weapon)
Armour
 a - a +0 robe (worn)
 e - a +1 ring mail of cold resistance
Scrolls
 c - a scroll of noise {unknown}
Potions
 b - a potion of magic


   Skills:
 + Level 2.8 Dodging
 + Level 2.2 Stealth
 + Level 2.1 Spellcasting
 + Level 4.2 Summonings


You had 4 spell levels left.
You knew the following spells:

 Your Spells              Type           Power      Damage    Failure   Level
a - Summon Small Mammal   Summ           52%        N/A       4%          1

Your spell library contained the following spells:

 Spells                   Type           Power      Damage    Failure   Level
 Call Imp                 Summ           26%        N/A       6%          2
 Call Canine Familiar     Summ           13%        N/A       12%         3
 Tukima's Dance           Hex            1%         N/A       56%         3
 Summon Blazeheart Golem  Fire/Summ      7%         N/A       69%         4
 Summon Lightning Spire   Summ/Air       7%         N/A       69%         4
 Passage of Golubria      Tloc           1%         N/A       93%         4
 Yara's Violent Unravell  Hex/Alch       0%         3d3       100%        5


Dungeon Overview and Level Annotations

Branches:
Dungeon (1/15)

Altars:


Innate Abilities, Weirdness & Mutations

((You are very nimble when in or above water. (Stealth+, EV+, Speed+++)))
Your lower body shifts to a powerful aquatic tail in water.


Message History

The bat hits you but does no damage. The bat closely misses you.
The quokka attacks as it pursues you!
The quokka bites you but does no damage.
The bat barely misses your rat. The bat hits your rat.
You miss the bat. The bat closely misses you. The bat barely misses you.
The bat hits your rat.
Your rat dies!
Your rat's corpse disappears in a puff of smoke!
The quokka barely misses you. The quokka completely misses you.
The bat hits you but does no damage. The quokka bites you.
* * * LOW HITPOINT WARNING * * *
The bat closely misses you. The quokka closely misses you.
The bat hits you but does no damage. The quokka attacks as it pursues you!
The quokka closely misses you.
You closely miss the bat. The bat hits you but does no damage.
The quokka closely misses you. The bat closely misses you.
Casting: Summon Small Mammal (safe; 4% risk of failure)
Confirm with . or Enter, or press ? or * to list all spells.
The bat barely misses you. The quokka bites you.
* * * LOW HITPOINT WARNING * * *
Unknown command.
The bat closely misses you. The quokka barely misses you.
You swap places.
The bat misses you.
Your bat misses the bat. The bat hits you but does no damage.
The quokka misses your bat.
You swap places.
The bat misses your bat.
Your bat hits the bat.
Casting: Summon Small Mammal (safe; 4% risk of failure)
Confirm with . or Enter, or press ? or * to list all spells.
The bat barely misses your bat.
Your bat closely misses the bat.
The bat misses your bat. The quokka closely misses you. x2
Unknown command.
Unknown command.
You swap places.
Your bat closely misses the bat.
The bat completely misses you.
Your bat closely misses the bat.
The bat hits you.
* * * LOW HITPOINT WARNING * * *
The quokka barely misses you.
Your bat hits the quokka. The bat hits you but does no damage.
Your bat misses the quokka. The quokka bites you.
You die...

############ #......#.#
#..........## #......#.#
#.########..# #......#.#
#...#....##.###......#.###.####
##...(....#..##................
.######...##.##...##.##?.......
.##...##..##...)..#...#.##.##..
...#....####....rr......# .#
######### #..>b@.#...... ..
####...### ###.##b##.##.#.. ..
##.......## #........### . .
#.........# #...##..##
#....<....# ..#.# ..#
..........# ..... ...
##.......## #....#. .#..
####...### . ... #.# #####


You could see a quokka (ally target), a bat (ally target), a friendly quokka
(summoned) and a friendly bat (summoned).

Vanquished Creatures
  A goblin (D:1)
  A hobgoblin (D:1)
2 creatures vanquished.

Vanquished Creatures (collateral kills)
  A bat (D:1)
  A hobgoblin (D:1)
  A frilled lizard (D:1)
  A kobold (D:1)
4 creatures vanquished.

Grand Total: 6 creatures vanquished

Notes
Turn   | Place    | Note
-------+----------+-------------------------------------------
     0 | D:1      | fettaberfit the Merfolk Summoner began the quest for the
                  | Orb.
     0 | D:1      | Reached XP level 1. HP: 13/13 MP: 3/3
   506 | D:1      | Reached XP level 2. HP: 16/19 MP: 5/5
   526 | D:1      | Slain by a quokka

Illustrated notes

Levels and vault maps discovered:
D:1:      dpeg_arrival_three_same_balls, layout_basic,
          hangedman_decor_clover_reticule

Action                     || total
---------------------------++-------
  Melee: Whip              ||    23
         Unarmed           ||     6
   Cast: Summon Small Mamm ||     6
 Armour: Robe              ||    39
  Dodge: Dodged            ||    62
